 Dungeon Crawl Stone Soup version 0.25.0-9-g26727b657a (webtiles) character file.

Game seed: 3333057400524344531

60 Krehm the Insei (level 4, 0/28 HPs)
             Began as an Octopode Transmuter on June 19, 2020.
             Succumbed to an adder's poison
             ... on level 2 of the Dungeon.
             The game lasted 00:07:22 (1913 turns).

Krehm the Insei (Octopode Transmuter)               Turns: 1913, Time: 00:07:23

Health: 0/28       AC:  1    Str:  9    XL:     4   Next: 4%
Magic:  2/2        EV: 12    Int: 16    God:
Gold:   106        SH:  3    Dex: 12    Spells: 5/8 levels left

rFire    . . .     SeeInvis .   n - +2 short sword (antimagic)
rCold    . . .     Gourm    .   l - +0 buckler
rNeg     . . .     Faith    .   (helmet restricted)
rPois    .         Spirit   .   (no amulet)
rElec    .         Reflect  .   (no ring)
rCorr    .         Harm     .   (no ring)
MR       .....                  (no ring)
Stlth    +++.......             (no ring)
HPRegen  0.09/turn              (no ring)
MPRegen  0.08/turn              (no ring)
                                (no ring)
                                (no ring)

@: lethally poisoned (0 -> -10), appendage (expiring), very slightly
contaminated
A: almost no armour, stealthy swim, amphibious, 8 rings, constrict 8, tentacle
spike 3, camouflage 1, gelatinous body 1
a: End Transformation


You were on level 2 of the Dungeon.
You were not hungry.
One of your tentacles had a temporary spike.
You visited 1 branch of the dungeon, and saw 2 of its levels.

You collected 106 gold pieces.

Inventory:

Hand Weapons
 n - a +2 antimagic short sword (weapon)
Missiles
 a - 12 arrows
 f - 29 poisoned darts (quivered)
Armour
 l - a +0 buckler (worn)
Wands
 k - a wand of paralysis (5)
Scrolls
 b - a scroll of amnesia {unknown}
 d - 2 scrolls of remove curse {unknown}
 g - a scroll of fear {unknown}
 i - a scroll of identify
 j - a scroll of enchant armour {unknown}
Potions
 e - a potion of flight
 h - a potion of might
Comestibles
 c - 6 rations


   Skills:
 - Level 1.0 Fighting
 + Level 0.5 Short Blades
 - Level 2.0 Dodging
 - Level 2.2 Stealth
 + Level 0.6 Shields
 - Level 3.0 Unarmed Combat
 + Level 2.7 Spellcasting
 + Level 2.8 Transmutations
 - Level 0.1 Evocations


You had 5 spell levels left.
You knew the following spells:

 Your Spells              Type           Power        Failure   Level  Hunger
a - Beastly Appendage     Tmut           ##....       10%         1    #......
b - Sticks to Snakes      Tmut           ##......     14%         2    ##.....

Your spell library contained the following spells:

 Spells                   Type           Power        Failure   Level  Hunger
 Spider Form              Tmut/Pois      #.........   45%         3    ###....
 Ice Form                 Ice/Tmut       #.......     86%         4    #####..
 Blade Hands              Tmut           ##........   95%         5    ######.


Dungeon Overview and Level Annotations

Branches:
Dungeon (2/15)

Altars:


Innate Abilities, Weirdness & Mutations

You cannot wear most types of armour.
You are very stealthy in the water. (Stealth+)
You are amphibious.
You can wear up to eight rings at the same time.
You can use your tentacles to constrict eight enemies at once.
Your skin changes colour to match your surroundings (Stealth+).
Your rubbery body absorbs attacks. (AC +1, EV +1)
One of your tentacles bears a large vicious spike.


Message History

The adder is heavily wounded.
You constrict the adder.
* * * LOW HITPOINT WARNING * * *
You feel sick. The adder completely misses you.
You hit the adder.
You kill the adder!
You have reached level 4!
Your transformation is almost over.
* * * LOW HITPOINT WARNING * * *
You feel sick.
Okay, then.
* * * LOW HITPOINT WARNING * * *
You feel sick.
You see here a bat corpse.
* * * LOW HITPOINT WARNING * * *
You feel sick.
* * * LOW HITPOINT WARNING * * *
You feel sick.
There is a stone staircase leading down here.
You die...

#.# #.# ..# ##.# #.# ##.+ ...#
#.# ##..+ #### #(# #...###
##.#### #.....# # #.....#
#.#.#.#++#.#S. ## ##.##.#
#.#........b..
.####...#.########....###......
.+...........†.>@........+..!.b
.####......#######....#### ....
## ##.....# ###.## ... #
##....# #.# .. #.#### #.# . #.#
#.# #.# #.# ##### #.# .# ....#
#.#


There were no monsters in sight!

Vanquished Creatures
  2 adders (D:2)
  2 worms (D:2)
  3 dart slugs
  2 leopard geckos
  4 bats
  A giant cockroach (D:2)
  3 goblins
  5 hobgoblins
  3 kobolds
  A frilled lizard (D:1)
  2 rats (D:1)
28 creatures vanquished.

Notes
Turn   | Place    | Note
-------+----------+-------------------------------------------
     0 | D:1      | Krehm the Octopode Transmuter began the quest for the Orb.
     0 | D:1      | Reached XP level 1. HP: 13/13 MP: 3/3
   246 | D:1      | Reached skill level 1 in Stealth
   272 | D:1      | Reached XP level 2. HP: 18/18 MP: 5/5
   276 | D:1      | Learned a level 2 spell: Sticks to Snakes
   994 | D:2      | Reached XP level 3. HP: 15/23 MP: 4/6
  1909 | D:2      | Reached XP level 4. HP: 6/28 MP: 2/8
  1912 | D:2      | HP: 1/28 [poisoned by an adder]
  1913 | D:2      | Succumbed to an adder's poison

Illustrated notes

Levels and vault maps discovered:
D:1:      doesnt_arrival_eight_statues, layout_loops_ring
D:2:      layout_loops_corners, lemuel_coloured_pillars_altar,
          nicolae_overflow_crystal_walls, minmay_mini_jars

Skill      XL: |  1  2 |
---------------+-------+-----
Stealth        | 1 2 |  2.2
Fighting       | |  1.0
Short Blades   | |  0.5
Dodging        | |  2.0
Shields        | |  0.6
Unarmed Combat | |  3.0
Spellcasting   | |  2.7
Transmutations | |  2.8
Evocations     | |  0.1

Action                   |  1- 3 |  4- 6 || total
-------------------------+-------+-------++-------
Melee: Unarmed           |    45 |       ||    45
       Constrict         |    18 |       ||    18
       Kick              |    11 |       ||    11
       Tentacles         |    10 |       ||    10
       Punch             |     1 |       ||     1
       Short sword       |    22 |       ||    22
Throw: Dart              |     3 |       ||     3
 Cast: Beastly Appendage |    14 |       ||    14
  Use: Scroll            |     3 |       ||     3
       Potion            |     1 |       ||     1
 Stab: Sleeping          |     5 |       ||     5
  Eat: Chunk             |     3 |       ||     3
Armor: Skin              |     5 |       ||     5
Dodge: Dodged            |    34 |       ||    34
Block: Buckler           |     3 |       ||     3
